 Dungeon Crawl Stone Soup version 0.29.1-15-g9cfb28693d (webtiles) character file.

Game seed: 15523720619335474813

921 Peloso the Slasher (level 7, -5/61 HPs)
             Began as a Minotaur Fighter on Apr 25, 2023.
             Slain by a water moccasin (8 damage)
             ... on level 6 of the Dungeon.
             The game lasted 00:09:35 (6082 turns).

Peloso the Slasher (Minotaur Fighter)               Turns: 6082, Time: 00:09:36

Health: -5/61      AC: -2    Str: 21    XL:     7   Next: 84%
Magic:  6/6        EV:  8    Int:  5    God:
Gold:   285        SH:  6    Dex: 17    Spells: 6/6 levels left

rFire   . . .      SeeInvis .   a - +0 long sword
rCold   . . .      Faith    .   d - +0 buckler
rNeg    . . .      Spirit   .   w - +0 chain mail
rPois   .          Reflect  .   (helmet restricted)
rElec   .          Harm     .   y - +0 cloak
rCorr   .          Rampage  .   c - +0 pair of gloves
Will    .....                   (no boots)
Stlth   ..........              u - amulet of regeneration
HPRegen 1.00/turn               m - +6 ring of dexterity
MPRegen 0.10/turn               (no ring)

@: lethally poisoned (-5 -> -6), corroded
A: horns 2, retaliatory headbutt
a: no special abilities


You were on level 6 of the Dungeon.
You visited 2 branches of the dungeon, and saw 7 of its levels.

You collected 285 gold pieces.

Inventory:

Hand Weapons
 a - a +0 long sword (weapon)
Armour
 b - a +0 scale mail
 c - a +0 pair of gloves (worn)
 d - a +0 buckler (worn)
 w - a +0 chain mail (worn)
 y - a +0 cloak (worn)
Jewellery
 m - a +6 ring of dexterity (left hand)
 o - a ring of see invisible
 u - an amulet of regeneration (around neck)
Wands
 x - a wand of flame (21)
Scrolls
 g - 4 scrolls of magic mapping {unknown}
 h - 2 scrolls of fear {unknown}
 i - a scroll of enchant weapon {unknown}
 k - a scroll of enchant armour {unknown}
 l - 2 scrolls of poison {unknown}
 r - 3 scrolls of teleportation {unknown}
 t - a scroll of blinking {unknown}
 v - 2 scrolls of identify
Potions
 j - 2 potions of haste
 n - 2 potions of flight
 p - a potion of magic {unknown}
 q - a potion of brilliance {unknown}
 s - a potion of might
 z - a potion of attraction {unknown}


   Skills:
 + Level 5.2 Fighting
 + Level 7.0 Long Blades
 + Level 6.9 Armour
 + Level 2.2 Dodging
 + Level 0.7 Stealth
 + Level 5.0 Shields


You had 6 spell levels left.
You didn't know any spells.
Your spell library contained the following spells:

 Spells                   Type           Power      Damage    Failure   Level
 Sandblast                Erth           0%         2d4       99%         1
 Passwall                 Tmut/Erth      0%         N/A       100%        2
 Stone Arrow              Conj/Erth      0%         3d7       100%        3


Dungeon Overview and Level Annotations

Branches:
Dungeon (6/15)             Temple (1/1) D:4

Altars:
Ashenzari
Cheibriados
Dithmenos
Fedhas
Makhleb
Nemelex Xobeh
Qazlal
Sif Muna
Vehumet
Wu Jian
Xom
Yredelemnul
Zin
The Shining One

Shops:
D:6 ?


Innate Abilities, Weirdness & Mutations

You have a pair of horns on your head.
You reflexively headbutt those who attack you in melee.


Message History

* * * LOW HITPOINT WARNING * * *
You feel very sick. You block the water moccasin's attack.
The water moccasin barely misses you.
Unknown command.
You feel better. You block the water moccasin's attack.
You hit the water moccasin.
You headbutt the water moccasin, but do no damage.
The water moccasin is lightly wounded.
You block the water moccasin's attack. The water moccasin closely misses you.
You barely miss the water moccasin.
You headbutt the water moccasin, but do no damage.
The water moccasin is lightly wounded.
The water moccasin barely misses you.
You closely miss the water moccasin.
You headbutt the water moccasin, but do no damage.
The water moccasin is lightly wounded.
The water moccasin bites you.
* * * LOW HITPOINT WARNING * * *
You are poisoned.
The water moccasin poisons you! The water moccasin bites you!
* * * LOW HITPOINT WARNING * * *
You feel better. You block the water moccasin's attack.
You block the water moccasin's attack.
The water moccasin attacks as you move away!
The water moccasin barely misses you. The water moccasin bites you.
* * * LOW HITPOINT WARNING * * *
The water moccasin attacks as you move away!
The water moccasin bites you!
* * * LOW HITPOINT WARNING * * *
You are poisoned.
The water moccasin poisons you!
* * * LOW HITPOINT WARNING * * *
You feel very sick. You block the water moccasin's attack.
* * * LOW HITPOINT WARNING * * *
You feel very sick.
You feel sick.
You feel sick. The water moccasin bites you!
You die...

####<..≈≈≈≈≈. #.....#§o∩~≈.
#.##.#.≈≈o~≈. #.###)##l.~..
### #.# ## #...# ...
####.### #### #.# #......#
##### #.# #.##.#.# #...#####
#.########.. #
#.#.###....@S.###...........
#.........###......####.....
###.####### ######.# ... #.#
#.# . ..# #.# #### #.# #..
###


You could see a water moccasin.

Vanquished Creatures
  Sigmund (D:5)
  4 scorpions
  An orc priest (D:5)
  A jelly (D:6)
  Crazy Yiuf (D:5)
  3 iguanas
  Natasha (thrice) (D:2)
  An orc wizard (D:4)
  7 gnolls
  7 adders
  An ufetubus (D:4)
  3 worms
  2 dart slugs
  16 orcs
  2 ball pythons (D:1)
  4 bats
  11 endoplasms
  4 giant cockroaches
  9 goblins
  10 hobgoblins
  4 jackals (D:3)
  3 quokkas
  A frilled lizard (D:3)
  7 kobolds
  4 rats
110 creatures vanquished.

Notes
Turn   | Place    | Note
-------+----------+-------------------------------------------
     0 | D:1      | Peloso the Minotaur Fighter began the quest for the Orb.
     0 | D:1      | Reached XP level 1. HP: 19/19 MP: 0/0
   378 | D:1      | Reached XP level 2. HP: 27/27 MP: 1/1
   845 | D:1      | Reached skill level 3 in Long Blades
  1191 | D:1      | Reached XP level 3. HP: 33/33 MP: 2/2
  1600 | D:2      | Reached XP level 4. HP: 40/40 MP: 3/3
  1671 | D:2      | Found a stormy altar of Qazlal.
  1978 | D:2      | Found a faded altar of an unknown god.
  1994 | D:1      | Reached skill level 4 in Long Blades
  2254 | D:2      | Noticed Natasha
  2268 | D:2      | Killed Natasha
  2269 | D:2      | Reached skill level 5 in Armour
  2269 | D:2      | Reached XP level 5. HP: 40/46 MP: 4/4
  2496 | D:2      | Noticed Natasha
  2502 | D:2      | Killed Natasha
  2578 | D:2      | Noticed Natasha
  2584 | D:2      | Killed Natasha
  3412 | D:4      | Reached XP level 6. HP: 41/53 MP: 5/5
  3639 | D:4      | Found a stormy altar of Qazlal.
  3672 | D:4      | Found a staircase to the Ecumenical Temple.
  3683 | D:4      | Reached skill level 5 in Long Blades
  3710 | Temple   | Entered the Ecumenical Temple
  3922 | D:4      | Reached skill level 1 in Dodging
  3960 | D:4      | Found a shadowy altar of Dithmenos.
  4439 | D:5      | Entered Level 5 of the Dungeon
  4859 | D:5      | Reached XP level 7. HP: 46/60 MP: 6/6
  5088 | D:5      | Reached skill level 6 in Long Blades
  5353 | D:5      | Found an ornate altar of the Wu Jian Council.
  5541 | D:5      | Found a runed translucent door.
  5542 | D:5      | Noticed Crazy Yiuf
  5623 | D:5      | Noticed Sigmund
  5632 | D:5      | Killed Sigmund
  5633 | D:5      | Reached skill level 5 in Fighting
  5896 | D:5      | Killed Crazy Yiuf
  5973 | D:6      | Reached skill level 5 in Shields
  5992 | D:6      | Found Qehon's Magic Scroll Shop.
  6055 | D:6      | Reached skill level 7 in Long Blades
  6068 | D:6      | HP: 3/61 [poisoned by a water moccasin]
  6082 | D:6      | HP: 3/61 [poisoned by a water moccasin]
  6082 | D:6      | Slain by a water moccasin

Illustrated notes

Levels and vault maps discovered:
D:1:      minmay_arrival_widening_spiral_narrow, layout_basic
D:2:      layout_rooms, basic_altar, shapermc_ecumenical_altar_pompeii,
          minmay_goblin_outpost, uniq_natasha
D:3:      layout_basic
D:4:      layout_basic, lemuel_coloured_pillars_altar,
          mainiacjoe_overflow_paths, nicolae_dithmenos_the_darkroom,
          temple_green, chequers_serial_rivers_micro_b,
          kennysheep_generic_room_11
D:5:      nicolae_cairo_tiling, layout_loops_ring, amcnicky_altar_gilded,
          uniq_crazy_yiuf_cottage, uniq_sigmund
D:6:      layout_loops_cross, kennysheep_little_box, serial_shops,
          nicolae_shop_waterfront
Temple:   minmay_freezing_vapour_temple

Skill      XL: |  1  2  3  4  5  6  7 |
---------------+----------------------+-----
Armour         | 4 5 6 |  6.9
Long Blades    | 3 4 5 7 |  7.0
Shields        | 4 5 |  5.0
Fighting       | 4 5 |  5.2
Dodging        | 1 2 |  2.2
Stealth        | |  0.7

Action                   |  1- 3 |  4- 6 |  7- 9 || total
-------------------------+-------+-------+-------++-------
Melee: Long sword        |    67 |   167 |    76 ||   310
       Headbutt          |    16 |    27 |    20 ||    63
  Use: Scroll            |       |     5 |       ||     5
       Potion            |       |       |     4 ||     4
Armor: Scale mail        |    25 |    87 |     4 ||   116
       Chain mail        |       |       |    19 ||    19
Dodge: Dodged            |    29 |    86 |    27 ||   142
Block: Buckler           |    23 |    52 |    19 ||    94
